 Dungeon Crawl Stone Soup version 0.30.1-9-gdf580d7c3d (webtiles) character file.

Game seed: 3575306812456884379

1598 KittyFluff the Covered (level 8, -2/76 HPs)
             Began as a Gargoyle Berserker on Oct 14, 2023.
             Was a Priest of Trog.
             Slain by an orc
             ... wielding a +0 mace
              (7 damage)
             ... on level 7 of the Dungeon on Oct 15, 2023.
             The game lasted 00:23:23 (6587 turns).

KittyFluff the Covered (Gargoyle Berserker)         Turns: 6587, Time: 00:23:24

Health: -2/76      AC:  9    Str: 29    XL:     8   Next: 94%
Magic:  8/8        EV: 12    Int:  8    God:    Trog [***...]
Gold:   345        SH:  0    Dex:  9    Spells: 7/7 levels left

rFire   . . .        v - +0 quarterstaff
rCold   . . .        (shield currently unavailable)
rNeg    + . .        e - +0 leather armour
rPois   ∞            (no helmet)
rElec   +            (no cloak)
rCorr   .            (no gloves)
SInv    +            (no boots)
Will    .....        (no amulet) Stlth
                     k - ring of see invisible
HPRegen 0.32/turn    E - +6 ring of strength
MPRegen 0.11/turn

%: no passive effects
@: berserking (expiring), very quick
A: sickness immunity, AC +5, negative energy resistance 1, electricity
resistance, torment resistance 1, petrification resistance
a: Renounce Religion, Berserk, Trog's Hand


You were on level 7 of the Dungeon.
You worshipped Trog.
Trog was most pleased with you.
You visited 1 branch of the dungeon, and saw 7 of its levels.

You collected 345 gold pieces.

Inventory:

Hand Weapons
 u - a +0 sling
 v - a +0 quarterstaff (weapon)
 F - a +1 flail of protection
Missiles
 y - 11 javelins (quivered)
 z - 4 poisoned darts
Armour
 e - a +0 leather armour (worn)
Jewellery
 k - a ring of see invisible (left hand)
 E - a +6 ring of strength (right hand)
Wands
 a - a wand of roots (8)
 s - a wand of paralysis (21)
Scrolls
 b - a scroll of amnesia {unknown}
 d - 2 scrolls of acquirement {unknown}
 f - 7 scrolls of teleportation
 i - 2 scrolls of immolation {unknown}
 l - 3 scrolls of poison {unknown}
 m - 3 scrolls of magic mapping {unknown}
 n - a scroll of brand weapon {unknown}
 o - a scroll of summoning {unknown}
 p - 2 scrolls of enchant weapon {unknown}
 q - a scroll of torment {unknown}
 w - 3 scrolls of identify {unknown}
 x - a scroll of enchant armour {unknown}
 B - a scroll of silence {unknown}
 D - a scroll of vulnerability {unknown}
Potions
 c - 3 potions of curing {unknown}
 g - 2 potions of cancellation {unknown}
 h - 4 potions of flight {unknown}
 j - a potion of invisibility {unknown}
 r - 2 potions of haste {unknown}
 t - 2 potions of mutation {unknown}
 A - 5 potions of lignification {unknown}
 C - a potion of degeneration {unknown}


   Skills:
 + Level 5.8 Fighting
 - Level 3.5(5.1) Maces & Flails
 * Level 5.8(6.3) Staves
 * Level 7.3 Armour
 + Level 3.9 Dodging


You had 7 spell levels left.
You didn't know any spells.
Your spell library was empty.

Dungeon Overview and Level Annotations

Branches:
Dungeon (7/15)             Temple (0/1) D:4

Altars:
Kikubaaqudgha
Okawaru
Vehumet

Shops:
D:1 *   D:6 =


Innate Abilities, Weirdness & Mutations

You are immune to sickness and miasma.
Your stone body is resilient. (AC +5)
You are immune to poison.
You resist negative energy. (rN+)
You are resistant to electric shocks. (rElec)
You are resistant to unholy torment.
You are immune to petrification.


Message History

You hit the wight.
You destroy the wight!
Trog accepts your kill.
You sock the orc!
You kill the orc!
Trog accepts your kill.
You hit the orc.
The orc is severely wounded.
You sock the orc!
You kill the orc!
Trog accepts your kill.
The orc priest begins to cast a cantrip, but forgets the words!
You closely miss the orc wizard.
The orc wizard hits you with a +0 dagger of flaming.
* * * LOW HITPOINT WARNING * * *
The orc wizard burns you.
* * * LOW HITPOINT WARNING * * *
You completely miss the orc wizard. You bludgeon the orc wizard!!
You kill the orc wizard!
Trog accepts your kill.
Trog appreciates your killing of a magic user.
You thump the wight!
The wight is severely damaged.
The wight barely misses you.
You hit the wight.
You destroy the wight!
Trog accepts your kill.
The orc priest hits you but does no damage.
Items here: ))))) [[[[[ †.
You thump the orc priest!
The orc priest is severely wounded.
The orc priest hits you with a +0 dagger.
* * * LOW HITPOINT WARNING * * *
You sock the orc priest!
You feel the power of Trog in you as your rage grows.
You kill the orc priest!
Trog accepts your kill. The orc hits you with a +0 mace!
You die...

....#....#...###.$.....
.##.#.#...:.>.# .....o.
.##.#.####.##.# .......
....#......##+##$......
.######...........o....
.# #.........)oo...[
.######............$...
................#######+#
...............o@)......#
.......)..[.....#########
.........########
.........# ..†......#
.........# .........#
##########


You could see an orc.

Vanquished Creatures
  Sigmund (D:3)
  Eustachio (D:4)
  A water moccasin (D:6)
  An ice beast (D:6)
  2 black bears
  3 ogres
  A phantom (D:7)
  A scorpion (D:6)
  3 wights (D:7)
  A hound (D:5)
  An orc priest (D:7)
  A jelly (D:5)
  3 iguanas
  2 orc wizards
  4 adders
  A shadow imp (D:5)
  A white imp (D:6)
  2 ufetubi (D:5)
  2 dart slugs
  16 orcs
  A ball python (D:2)
  5 bats
  6 endoplasms
  A giant cockroach (D:2)
  6 goblins
  5 hobgoblins
  3 jackals (D:3)
  3 quokkas
  A frilled lizard (D:2)
  6 kobolds
  7 rats
92 creatures vanquished.

Notes
Turn   | Place    | Note
-------+----------+-------------------------------------------
     0 | D:1      | KittyFluff the Gargoyle Berserker began the quest for the
                  | Orb.
     0 | D:1      | Reached XP level 1. HP: 14/14 MP: 1/1
   127 | D:1      | Found Jylaotec's General Store.
   351 | D:1      | Reached XP level 2. HP: 19/19 MP: 2/2
   811 | D:2      | Reached XP level 3. HP: 22/23 MP: 3/3
  1309 | D:2      | Reached skill level 3 in Armour
  1574 | D:3      | Reached ** piety under Trog
  1602 | D:3      | Identified the +5 dagger of Resourcefulness {flame, rN+}
  1962 | D:3      | Noticed Sigmund
  1974 | D:3      | Killed Sigmund
  1975 | D:3      | Reached skill level 4 in Armour
  1975 | D:3      | Reached XP level 4. HP: 28/29 MP: 4/4
  1975 | D:3      | Reached XP level 5. HP: 32/33 MP: 5/5
  2400 | D:4      | Reached XP level 6. HP: 26/38 MP: 6/6
  2599 | D:4      | Found a staircase to the Ecumenical Temple.
  2693 | D:4      | Identified the +2 robe "Iklacunk" {rElec}
  2756 | D:4      | Found an ancient bone altar of Kikubaaqudgha.
  3030 | D:4      | Noticed Eustachio
  3066 | D:4      | Killed Eustachio
  3067 | D:4      | Reached skill level 5 in Armour
  3067 | D:4      | Reached XP level 7. HP: 24/44 MP: 7/7
  3168 | D:4      | Found a radiant altar of Vehumet.
  3475 | D:5      | Entered Level 5 of the Dungeon
  4084 | D:5      | You fall into a shaft and drop 1 floor!
  4185 | D:6      | Reached skill level 5 in Fighting
  4505 | D:6      | Reached XP level 8. HP: 47/49 MP: 8/8
  4586 | D:6      | Found Fuideffi's Jewellery Shop.
  4864 | D:5      | Reached skill level 6 in Armour
  5614 | D:6      | Found an iron altar of Okawaru.
  6102 | D:6      | Reached skill level 5 in Staves
  6501 | D:7      | Reached skill level 7 in Armour
  6586 | D:7      | Reached *** piety under Trog
  6587 | D:7      | Slain by an orc

Illustrated notes

Levels and vault maps discovered:
D:1:      mushboom_english_gardens, layout_loops_cross, serial_shops,
          shop_statue
D:2:      layout_basic, chequers_serial_rivers_small_a
D:3:      layout_basic, minmay_misc_feat_rugged, uniq_sigmund
D:4:      layout_basic, mainiacjoe_overflow_catch_the_wave,
          minmay_temple_entry_drinking_statues, patterned_corridor,
          uniq_eustachio
D:5:      layout_gridville, grunt_ministairs_15, minmay_between
D:6:      layout_basic, mainiacjoe_overflow_boulevard, serial_shops, shop
D:7:      layout_basic, nicolae_ossuary_entry_giza

Skill      XL: |  1  2  3  4  5  6  7  8 |
---------------+-------------------------+-----
Armour         | 4 5 7 |  7.3
Dodging        | 2 3 |  3.9
Fighting       | 4 5 |  5.8
Staves         | 2 3 4 5 |  5.8
Maces & Flails | |  3.5

Action                     |  1- 3 |  4- 6 |  7- 9 || total
---------------------------+-------+-------+-------++-------
  Melee: Mace              |    96 |       |       ||    96
         Quarterstaff      |    33 |    44 |   213 ||   290
 Invoke: Berserk           |     1 |       |     2 ||     3
    Use: Scroll            |       |       |     1 ||     1
 Armour: Leather armour    |    52 |    35 |   102 ||   189
         Animal skin       |     1 |       |       ||     1
  Dodge: Dodged            |    86 |    36 |   158 ||   280
